 Dungeon Crawl Stone Soup version 0.30-a0-629-gd54f4be4f7 (webtiles) character file.

Game seed: 1541533935814897455

104244 drugrobin the Brawler (level 15, -11/128 HPs)
             Began as a Demigod Delver on Jan 12, 2023.
             Mangled by a skeletal warrior
             ... wielding a +0 scimitar
              (28 damage)
             ... on level 15 of the Dungeon.
             The game lasted 01:51:33 (26976 turns).

drugrobin the Brawler (Demigod Delver)             Turns: 26976, Time: 01:51:33

Health: -11/128    AC:  8    Str: 25    XL:     15   Next: 44%
Magic:  21/25      EV: 21    Int: 18    God:
Gold:   1389       SH:  0    Dex: 19    Spells: 4/22 levels left

rFire   + . .      SeeInvis .      - Unarmed
rCold   + . .      Faith    .    (shield currently unavailable)
rNeg    . . .      Spirit   .    c - +0 acid dragon scales
rPois   .          Reflect  .    W - +0 helmet
rElec   .          Harm     .    k - scarf {repulsion}
rCorr   +          Rampage  .    (gloves currently unavailable)
Will    +....                    T - +0 pair of boots
Stlth   +++                      O - amulet of regeneration
HPRegen 1.21/turn                P - ring "Weela" {rF+ rC+ EV+5 Str+4 Int-2}
MPRegen 0.19/turn                J - ring of wizardry

@: blade hands (expiring), repel missiles
A: high MP 1, forlorn, divine attributes
a: End Transformation


You were on level 15 of the Dungeon.
You had blades for hands.
You visited 3 branches of the dungeon, and saw 22 of its levels.

You collected 2335 gold pieces.
You spent 946 gold pieces at shops.

Inventory:

Hand Weapons
 d - a +2 short sword of venom
Missiles
 r - 7 javelins (quivered)
 N - 4 curare-tipped darts
 S - 2 throwing nets
Armour
 a - the +5 robe of Misfortune {Harm *Corrode *Slow EV+5}
   (You took it off a gnoll on level 7 of the Dungeon)

   EV:        It affects your evasion (+5).
   *Corrode:  It may corrode you when you take damage.
   *Slow:     It may slow you when you take damage.
   Harm:      It increases damage dealt and taken.
 c - +0 acid dragon scales (worn)
 k - a scarf of repulsion (worn)
 u - a +0 scale mail of fire resistance
 T - a +0 pair of boots (worn)
 W - a +0 helmet (worn)
 X - a +0 buckler (melded)
 Y - the +0 pair of gloves of Akuber Suny (melded) {rElec rF+ Str-2}
   (You acquired it on level 12 of the Dungeon)

   Str:       It affects your strength (-2).
   rF:        It protects you from fire.
   rElec:     It insulates you from electricity.
Jewellery
 b - an amulet of reflection
 l - a ring of protection from cold
 v - a ring of flight
 z - the ring of Mirth {+Blink rPois SInv}
   (You found it on level 2 of the Lair of Beasts)

   [ring of see invisible]

   rPois:     It protects you from poison.
   SInv:      It lets you see invisible.
   +Blink:    It lets you blink.
 B - a ring of willpower
 J - a ring of wizardry (right blade hand)
 K - a ring of fire
 O - an amulet of regeneration (around neck)
 P - the ring "Weela" (left blade hand) {rF+ rC+ EV+5 Str+4 Int-2}
   (You found it on level 6 of the Dungeon)

   [ring of evasion]

   EV:        It affects your evasion (+5).
   Str:       It affects your strength (+4).
   Int:       It affects your intelligence (-2).
   rF:        It protects you from fire.
   rC:        It protects you from cold.
Wands
 f - a wand of digging (12)
 p - a wand of roots (12)
 q - a wand of polymorph (11)
 y - a wand of flame (30)
 G - a wand of quicksilver (14)
 L - a wand of mindburst (13)
 U - a wand of paralysis (18)
Scrolls
 g - 4 scrolls of fear
 h - a scroll of magic mapping
 i - 3 scrolls of fog
 m - a scroll of silence
 o - 6 scrolls of poison
 s - 3 scrolls of blinking
 w - 5 scrolls of vulnerability
 C - 9 scrolls of teleportation
Potions
 e - 4 potions of haste
 j - 7 potions of lignification
 x - 4 potions of attraction
 A - 6 potions of heal wounds
 D - 3 potions of resistance
 E - 10 potions of curing
 F - 2 potions of invisibility
 M - 8 potions of might
 Q - a potion of ambrosia
 V - 3 potions of cancellation
Miscellaneous
 n - a condenser vane
 H - a phial of floods
 R - a tin of tremorstones (2/2)
 Z - a phantom mirror


   Skills:
 + Level 10.8 Fighting
 - Level 8.0 Dodging
 - Level 4.5 Stealth
 + Level 20.3 Unarmed Combat
 - Level 4.0 Spellcasting
 + Level 8.3 Transmutations
 - Level 4.0 Earth Magic
 - Level 4.0 Evocations


You had 4 spell levels left.
You knew the following spells:

 Your Spells              Type           Power      Damage    Failure   Level
a - Blade Hands           Tmut           16%        N/A       26%         5
b - Animate Armour        Summ/Erth      20%        N/A       63%         4
c - Petrify               Tmut/Erth      25%        N/A       26%         4
d - Cigotuvi's Dreadful   Necr/Pois/Air  6%         N/A       36%         2
e - Mephitic Cloud        Conj/Pois/Air  3%         N/A       52%         3

Your spell library contained the following spells:

 Spells                   Type           Power      Damage    Failure   Level
 Ignite Poison            Fire/Tmut/Pois 13%        N/A       28%         3
 Summon Small Mammal      Summ           12%        N/A       30%         1
 Poisonous Vapours        Pois/Air       6%         N/A       36%         2
 Sublimation of Blood     Necr           3%         N/A       36%         2
 Call Canine Familiar     Summ           3%         N/A       52%         3
 Gell's Gravitas          Tloc           3%         N/A       52%         3
 Inner Flame              Hex/Fire       3%         N/A       52%         3
 Kindle Blastsparks       Fire/Tloc/Air  6%         2d10      52%         3
 Lesser Beckoning         Tloc           6%         N/A       52%         3
 Ozocubu's Armour         Ice            3%         N/A       52%         3
 Summon Guardian Golem    Hex/Summ       3%         N/A       52%         3
 Teleport Other           Tloc           3%         N/A       52%         3
 Leda's Liquefaction      Hex/Erth       5%         N/A       63%         4
 Flame Wave               Conj/Fire      3%         2d5       83%         4
 Sticky Flame             Conj/Fire      3%         2d3       83%         4
 Irradiate                Conj/Tmut      9%         3d14      65%         5
 Lee's Rapid Deconstruct  Erth           9%         3d7*      67%         5
 Statue Form              Tmut/Erth      16%        N/A       87%         6
 Freezing Cloud           Conj/Ice/Air   1%         6-21      98%         5
 Metabolic Englaciation   Hex/Ice        1%         N/A       98%         5
 Summon Forest            Summ/Tloc      1%         N/A       98%         5
 Summon Mana Viper        Hex/Summ       3%         N/A       98%         5
 Iron Shot                Conj/Erth      5%         9d2       100%        6
 Simulacrum               Ice/Necr       1%         N/A       100%        6
 Summon Cactus Giant      Summ           1%         N/A       100%        6
 Malign Gateway           Summ/Tloc      1%         N/A       100%        7
 Summon Horrible Things   Summ           1%         N/A       100%        8


Dungeon Overview and Level Annotations

Branches:
Dungeon (15/15)            Temple (0/1) D:5            Lair (5/5) D:8
 Shoals (0/4) Lair:2        Snake (0/4) Lair:2        Slime (0/5) Lair:5
    Orc (2/2) D:10            Elf (0/3) Orc:2        Vaults (0/5) D:13
 Depths (0/4) D:15

Shops:
D:2 *   D:9 (   D:10 (   D:11 *   Orc:2 *?=:

Portals:
Ice
Cave: D:15

Annotations:
D:12 2 runed translucent doors, Iich's ghost, journeyman DsBe; Rupert


Innate Abilities, Weirdness & Mutations

You have blades for hands.
Your spellcasting is less reliable in this form.
You are incapable of wielding weapons or throwing items.
You have an increased reservoir of magic. (+10% MP)
You shall have no god before yourself.
Your divine heritage dramatically boosts your attributes as you level up.


Message History

Press: ? - help, v - describe, . - travel, g - get item
Here: a skeletal warrior, wielding a +0 scimitar
Items here: +0 ice dragon scales; an ice dragon corpse.
The floor, spattered with blood.
Unknown command.
Unknown command.
You slice the skeletal warrior!!
The skeletal warrior is heavily damaged.
The skeletal warrior closely misses you.
The skeletal warrior hits you with a +0 scimitar!!
* * * LOW HITPOINT WARNING * * *
You feel much better.
The skeletal warrior hits you from afar with a +0 glaive!!
* * * LOW HITPOINT WARNING * * *
The skeletal warrior hits you with a +0 scimitar!
* * * LOW HITPOINT WARNING * * *
You feel much better. The skeletal warrior misses you.
The skeletal warrior hits you from afar with a +0 glaive!
* * * LOW HITPOINT WARNING * * *
You feel much better. The skeletal warrior barely misses you.
The skeletal warrior hits you from afar with a +0 glaive!!
* * * LOW HITPOINT WARNING * * *
Unknown command.
You feel much better.
The skeletal warrior hits you with a +0 scimitar!
* * * LOW HITPOINT WARNING * * *
The skeletal warrior hits you from afar with a +0 glaive.
* * * LOW HITPOINT WARNING * * *
You feel much better.
The skeletal warrior hits you with a +0 scimitar!
* * * LOW HITPOINT WARNING * * *
The skeletal warrior barely misses you.
You slash the skeletal warrior!
The skeletal warrior is heavily damaged.
You barely miss the skeletal warrior.
The skeletal warrior is heavily damaged.
The skeletal warrior hits you from afar with a +0 glaive!!
* * * LOW HITPOINT WARNING * * *
The skeletal warrior hits you with a +0 scimitar!!
You die...

##..#...###..........
#........####........
*#.......## #........
**#......# #........
###.....###......[.
##..#....##.........
#.#.z#..............
#..#z##...##........
#∩.@###............. #####
#.z.z.........
********#............#
***,,**,,,........##....
**,,,,,,,,.........#*..#*
***,*,,,,,,..........#,,,,,
*,,,,,,,***,,,,,,,,,,,,,,,,
***,,,,,*,,,,,,,,,,,,,,,,,,
***,,,,,*,,,,,,,,,,,,,,,,


You could see 2 skeletal warriors.

Vanquished Creatures
  A frost giant (D:10)
  An orc warlord (Orc:1)
  An ironbound preserver (D:13)
  Azrael (D:14)
  Josephine (D:13)
  Erolcha (D:9)
  7 hydras
  2 ice dragons
  A catoblepas (Lair:5)
  A death knight (D:14)
  9 boulder beetles
  A merfolk avatar (Lair:5)
  6 centaur warriors
  5 two-headed ogres
  Urug (D:13)
  3 tengu warriors
  5 death yaks
  9 orc high priests
  Amaemon (Lair:2)
  Nergalle (Lair:3)
  A skeletal warrior (D:14)
  A sea snake (Lair:5)
  A lindwurm (Lair:5)
  A phantasmal warrior (D:14)
  3 deep elf pyromancers
  2 orc sorcerers (Orc:2)
  2 orc knights (Orc:1)
  2 harpies (Lair:5)
  An ugly thing (D:13)
  2 cyclopes
  4 manticores
  34 elephants
  2 black mambas (Lair:5)
  A torpor snail (Lair:3)
  An orange demon (Lair:2)
  14 cane toads
  Maggie (D:7)
  2 gargoyles
  3 rime drakes
  8 komodo dragons
  An unseen horror (D:11)
  Psyche (D:9)
  A komodo dragon (shapeshifter) (D:14)
  3 efreet
  A tengu conjurer (D:13)
  6 trolls
  32 blink frogs
  A hornet (shapeshifter) (D:13)
  5 polar bears
  A tarantella (shapeshifter) (D:14)
  2 snapping turtles (Lair:5)
  6 dream sheep (Lair:3)
  2 hornets
  14 slime creatures
  2 shadows (D:13)
  A spriggan (shapeshifter) (D:13)
  9 wraiths
  A yak (shapeshifter) (D:12)
  A fire elemental (D:14)
  64 yaks
  3 wyverns
  4 basilisks
  3 steam dragons
  8 wargs
  4 vampire mosquitoes (D:11)
  3 nagas (Lair:2)
  3 acid dragons
  3 hell hounds (D:14)
  14 water moccasins
  4 nameless horrors
  21 orc warriors
  5 ice beasts
  A sky beast (D:8)
  6 ogres
  A tengu (shapeshifter) (D:13)
  25 wolves
  10 centaurs
  3 kobold brigands
  7 bullfrogs
  A gnoll sergeant (D:10)
  2 scorpions (D:6)
  A wight (D:8)
  3 killer bees (D:10)
  An electric eel (Lair:4)
  6 howler monkeys
  4 crimson imps (D:10)
  4 hounds
  A gnoll bouda (D:8)
  16 jellies
  39 orc priests
  4 iguanas
  11 orc wizards
  3 gnolls (D:7)
  9 adders
  7 river rats (D:8)
  2 shadow imps
  A worm (D:3)
  96 orcs
  4 ball pythons
  7 bats
  12 endoplasms
  A giant cockroach (D:3)
  8 goblins
  3 hobgoblins
  22 kobolds
  8 quokkas
  4 frilled lizards (D:1)
  25 rats
731 creatures vanquished.

Vanquished Creatures (collateral kills)
  2 blink frogs (Lair:3)
  A yak (Lair:5)
  A jelly (Lair:5)
4 creatures vanquished.

Vanquished Creatures (others)
  A gnoll (D:8)
  46 fungi
  87 plants
134 creatures vanquished.

Grand Total: 869 creatures vanquished

Notes
Turn   | Place    | Note
-------+----------+-------------------------------------------
     0 | D:5      | drugrobin the Demigod Delver began the quest for the Orb.
     0 | D:5      | Reached XP level 1. HP: 18/18 MP: 3/3
    23 | D:4      | Reached skill level 2 in Unarmed Combat
    38 | D:4      | Noticed a hound
   176 | D:3      | Reached XP level 2. HP: 18/25 MP: 4/4
   357 | D:3      | Reached skill level 3 in Unarmed Combat
   426 | D:2      | Reached XP level 3. HP: 22/30 MP: 5/5
  1648 | D:2      | Reached skill level 4 in Unarmed Combat
  1884 | D:2      | Found Oreplios's General Store.
  1892 | D:2      | Bought a wand of flame (17) for 154 gold pieces
  2068 | D:3      | Reached XP level 4. HP: 36/37 MP: 6/6
  3323 | D:4      | Reached skill level 5 in Unarmed Combat
  3323 | D:4      | Reached XP level 5. HP: 28/42 MP: 7/7
  4485 | D:5      | Reached skill level 6 in Unarmed Combat
  4485 | D:5      | Reached XP level 6. HP: 22/50 MP: 8/8
  5163 | D:6      | Found a large runed translucent door.
  5164 | D:6      | Noticed a manticore
  5271 | D:6      | Found a large runed translucent door.
  5277 | D:6      | Found a large runed translucent door.
  5277 | D:6      | Found a large runed translucent door.
  5420 | D:6      | Reached skill level 7 in Unarmed Combat
  5585 | D:6      | Reached XP level 7. HP: 55/56 MP: 9/9
  5962 | D:6      | Reached skill level 8 in Unarmed Combat
  6482 | D:6      | Reached skill level 9 in Unarmed Combat
  6500 | D:6      | Identified the ring "Weela" {rF+ rC+ EV+5 Str+4 Int-2}
  6573 | D:6      | Reached XP level 8. HP: 52/62 MP: 10/10
  6597 | D:6      | Noticed a cyclops
  6717 | D:7      | Noticed Maggie
  7235 | D:8      | Reached skill level 10 in Unarmed Combat
  7306 | D:7      | Reached skill level 1 in Evocations
  7817 | D:8      | Found a staircase to the Lair.
  7828 | D:8      | Noticed a komodo dragon
  8047 | D:6      | Killed a cyclops
  8048 | D:6      | Reached skill level 11 in Unarmed Combat
  8048 | D:6      | Reached XP level 9. HP: 51/68 MP: 11/11
  8241 | D:5      | Found a staircase to the Ecumenical Temple.
  8616 | D:6      | Killed a manticore
  8761 | D:7      | Killed Maggie
  8762 | D:7      | Reached skill level 12 in Unarmed Combat
  8850 | D:8      | Killed a komodo dragon
  9191 | D:9      | Noticed Psyche
  9199 | D:9      | Killed Psyche
  9239 | D:9      | Noticed Erolcha
  9282 | D:9      | Noticed a two-headed ogre
  9299 | D:8      | Killed a two-headed ogre
  9300 | D:8      | Reached skill level 13 in Unarmed Combat
  9300 | D:8      | Reached XP level 10. HP: 72/74 MP: 13/13
  9514 | D:9      | Noticed a deep elf pyromancer
  9516 | D:9      | Killed a deep elf pyromancer
  9517 | D:9      | Reached skill level 14 in Unarmed Combat
  9712 | D:9      | Noticed a manticore
  9745 | D:9      | Killed a manticore
  9945 | D:10     | Entered Level 10 of the Dungeon
 10167 | D:10     | Noticed a frost giant
 10418 | D:9      | Found Suamass's Antique Weapon Shop.
 10424 | D:9      | Bought a transparent arbalest for 275 gold pieces
 10424 | D:9      | Identified the +2 arbalest of Pion {freeze, rF++ MP+9 Int-2
                  | Dex-2} (You bought it in a shop on level 9 of the Dungeon)
 10543 | D:9      | Reached XP level 11. HP: 32/84 MP: 7/14
 10598 | D:10     | Noticed a boulder beetle
 10857 | D:10     | Reached skill level 15 in Unarmed Combat
 10897 | D:10     | Noticed a two-headed ogre
 10916 | D:10     | Found Pamuell's Weapon Emporium.
 10950 | D:10     | Killed a two-headed ogre
 10976 | D:10     | Found a staircase to the Orcish Mines.
 11011 | D:10     | Reached skill level 5 in Fighting
 11072 | D:10     | Killed a boulder beetle
 11162 | D:11     | Noticed a two-headed ogre
 11175 | D:11     | Killed a two-headed ogre
 11354 | D:11     | Found Sam Otah's Assorted Antiques.
 11364 | D:11     | Bought a puce potion for 23 gold pieces
 11364 | D:11     | Bought a scroll labelled YLIRIVVEYLE for 26 gold pieces
 11364 | D:11     | Bought a notched brass ring for 130 gold pieces
 11364 | D:11     | Bought a glowing agate ring for 130 gold pieces
 11379 | D:11     | Noticed a two-headed ogre
 11388 | D:11     | Killed a two-headed ogre
 11389 | D:11     | Reached skill level 5 in Dodging
 12049 | Lair:1   | Entered Level 1 of the Lair of Beasts
 12250 | Lair:1   | Learned a level 5 spell: Blade Hands
 12298 | Lair:1   | Reached skill level 1 in Transmutations
 12893 | Lair:1   | Reached XP level 12. HP: 80/97 MP: 1/15
 13010 | Lair:1   | Noticed a boulder beetle
 13030 | Lair:1   | Killed a boulder beetle
 13129 | Lair:1   | Reached skill level 16 in Unarmed Combat
 14537 | Lair:3   | Reached skill level 5 in Transmutations
 14954 | Lair:3   | Reached XP level 13. HP: 94/107 MP: 8/16
 15055 | Lair:2   | Found a staircase to the Shoals.
 15071 | Lair:2   | Identified the ring of Mirth {+Blink rPois SInv}
 15201 | Lair:2   | Noticed Nergalle
 15316 | Lair:3   | Killed Nergalle
 15721 | Lair:2   | Found a staircase to the Snake Pit.
 15726 | Lair:2   | Reached skill level 17 in Unarmed Combat
 15849 | Lair:2   | Noticed Amaemon
 15879 | Lair:2   | Killed Amaemon
 16190 | Lair:4   | You fall into a shaft and drop 1 floor!
 16190 | Lair:5   | Entered Level 5 of the Lair of Beasts
 16654 | Lair:5   | Upgraded the game from 0.30-a0-626-gd6a5dd7a1f to
                  | 0.30-a0-629-gd54f4be4f7
 16819 | Lair:5   | Reached skill level 18 in Unarmed Combat
 16829 | Lair:5   | Learned a level 4 spell: Animate Armour
 16966 | Lair:4   | Reached skill level 1 in Earth Magic
 18183 | Lair:5   | Reached XP level 14. HP: 114/115 MP: 17/17
 18753 | Lair:5   | Found a staircase to the Slime Pits.
 18995 | Lair:5   | Reached skill level 19 in Unarmed Combat
 19276 | Lair:5   | Learned a level 4 spell: Petrify
 19962 | D:10     | Reached skill level 1 in Spellcasting
 20095 | D:10     | Killed a frost giant
 20160 | D:10     | Identified the +2 leather armour of Wuemol {SInv}
 20457 | Orc:1    | Entered Level 1 of the Orcish Mines
 20647 | Orc:2    | Entered Level 2 of the Orcish Mines
 20654 | Orc:1    | Noticed Sonja
 21301 | Orc:2    | Found Sorax's Jewellery Shop.
 21301 | Orc:2    | Found Muto Lie's Book Shoppe.
 21781 | Orc:2    | Noticed an orc warlord
 22175 | Orc:1    | Sonja changed into Sonja the ice beast
 22175 | Orc:1    | Noticed Sonja
 22182 | Orc:1    | Killed Sonja the ice beast
 22324 | Orc:1    | Killed an orc warlord
 22470 | Orc:2    | Found a staircase to the Elven Halls.
 22571 | Orc:2    | Found Unirip's General Store.
 22571 | Orc:2    | Found Tawkubla's Magic Scroll Shoppe.
 22585 | Orc:2    | Bought a scroll of identify for 26 gold pieces
 22585 | Orc:2    | Bought a scroll of teleportation for 39 gold pieces
 22585 | Orc:2    | Bought a scroll of teleportation for 39 gold pieces
 22585 | Orc:2    | Bought a scroll of identify for 26 gold pieces
 22585 | Orc:2    | Bought a scroll of identify for 26 gold pieces
 22585 | Orc:2    | Bought a scroll of fear for 52 gold pieces
 22973 | D:9      | Killed Erolcha
 23062 | D:9      | Found Suamass's Antique Weapon Shop.
 23487 | D:12     | Learned a level 2 spell: Cigotuvi's Dreadful Rot
 23491 | D:12     | Learned a level 3 spell: Mephitic Cloud
 23541 | D:12     | Found a runed translucent door.
 23800 | D:12     | Noticed a tengu reaver
 23801 | D:12     | Noticed a lich
 23805 | D:12     | Identified a scroll of acquirement
 23807 | D:12     | Acquired the +0 pair of gloves of Akuber Suny {rElec rF+
                  | Str-2}
 23826 | D:12     | Noticed Iich's ghost (journeyman DsBe)
 23832 | D:12     | Found a runed translucent door.
 24012 | D:12     | Noticed Rupert
 24305 | D:13     | Noticed Urug
 24308 | D:13     | Killed Urug
 24309 | D:13     | Reached XP level 15. HP: 120/125 MP: 22/25
 24311 | D:13     | Noticed Josephine
 24325 | D:13     | Killed Josephine
 25065 | D:13     | Found a gate to the Vaults.
 25071 | D:13     | Reached skill level 10 in Fighting
 25079 | D:13     | Reached skill level 20 in Unarmed Combat
 25350 | D:14     | Noticed Azrael
 25368 | D:14     | Killed Azrael
 26898 | D:15     | Entered Level 15 of the Dungeon
 26951 | D:15     | Found a frozen archway.
 26976 | D:15     | Mangled by a skeletal warrior

Illustrated notes

Levels and vault maps discovered:
D:1:      psy_arrival_statuary, layout_basic
D:2:      layout_rooms, serial_shops, shop
D:3:      layout_basic, st_stairs_7, grunt_ministairs_5,
          chequers_serial_rivers_small_a, kennysheep_generic_room_11
D:4:      layout_cave_pods, st_stairs_9
D:5:      layout_basic, cheibrodos_ashenzari_chains, minitemple,
          gammafunk_temple_overflow_claw, minmay_temple_entry_nine_rooms,
          kennysheep_generic_room_8
D:6:      layout_rooms, columned_hall_lemuel, chequers_serial_rivers_micro_e,
          minmay_hollow_rounded_squares
D:7:      layout_basic, uniq_maggie
D:8:      lemuel_ratsnest, layout_rooms, nzn_wu_jian_council_hall,
          david_lair_shrubbed, dreamdust_wishing_well,
          minmay_misc_feat_four_crosses, serial_park_tiny_2
D:9:      layout_roguey, nicolae_tso_swordbearing_angel, serial_shops,
          nicolae_shop_hallway_plus, grunt_ministairs_8, serial_park_tiny_2,
          uniq_psyche, uniq_erolcha
D:10:     layout_rooms, led_xom_imps, david_orc_2, serial_shops,
          nicolae_shop_window_shopping, minmay_the_grid_2x2
          [minmay_the_grid_outer_diamond, minmay_the_grid_box_x,
          minmay_the_grid_dragon_b, minmay_the_grid_prize_diamond_cup]
D:11:     layout_basic, serial_shops, nicolae_shop_crystal
D:12:     layout_rooms, muffindrake_ghost_dual_entry, uniq_rupert
D:13:     layout_loops_ring, skrybe_vaults_entry_preservation, uniq_josephine,
          uniq_urug
D:14:     layout_irregular_city, serial_park_square3
          [serial_park_minivault_5x5_8], uniq_azrael
D:15:     hangedman_depths_entry_civil_slaughter, layout_cave_pools,
          nicolae_concentric_dashed_squares_wild, portal_ice_cave_entry_dragon,
          uniq_kirke, uniq_nessos
Lair:1:   layout_chaotic_city
Lair:2:   layout_cave_shapes, elwin_shoals_entry_rocks,
          guppyfry_snake_entry_island, basic_altar, grunt_megastairs_5,
          uniq_amaemon, uniq_nergalle
Lair:3:   layout_chaotic_city, grunt_megastairs_1
Lair:4:   layout_regular_city, serial_bayou_lagoon_b
Lair:5:   gammafunk_lair_ancient_temple, layout_small_grid,
          minmay_slime_entry_jelly_boxes, lookout_lair_type
Orc:1:    layout_diamond_mine, nicolae_orc_tapped_out, uniq_sonja
Orc:2:    st_orc_town, layout_caves

Skill      XL: |  1  2  3  4  5  6  7  8  9 10 11 12 13 14 15 |
---------------+----------------------------------------------+-----
Unarmed Combat | 2 3 4 5 6 7 9 11 13 14 15 16 18 19 20 | 20.3
Evocations     | 3 4 |  4.0
Dodging        | 3 6 8 |  8.0
Fighting       | 4 6 8 9 10 | 10.8
Transmutations | 2 5 8 |  8.3
Earth Magic    | 3 4 |  4.0
Spellcasting   | 4 |  4.0
Stealth        | |  4.5

Action                   |  1- 3 |  4- 6 |  7- 9 | 10-12 | 13-15 || total
-------------------------+-------+-------+-------+-------+-------++-------
Melee: Unarmed           |   138 |   105 |   329 |   607 |  1090 ||  2269
       Mace              |     8 |       |       |       |       ||     8
       Punch             |     2 |     5 |    23 |    68 |   118 ||   216
       Short sword       |       |    80 |    11 |    20 |     7 ||   118
 Fire: Sling             |    21 |    22 |    14 |    14 |       ||    71
       Arbalest          |       |       |       |    93 |    87 ||   180
Throw: Stone             |     6 |       |       |       |       ||     6
       Dart              |     1 |     2 |    17 |     4 |     1 ||    25
       Javelin           |       |       |     7 |     9 |    14 ||    30
 Cast: Blade Hands       |       |       |       |     2 |    46 ||    48
       Petrify           |       |       |       |       |    37 ||    37
       Animate Armour    |       |       |       |       |     5 ||     5
 Abil: End Transformatio |       |       |       |       |     1 ||     1
       Evoke Blink       |       |       |       |       |     1 ||     1
Evoke: Wand              |       |     5 |    16 |     7 |     9 ||    37
       Phantom mirror    |       |       |     1 |     1 |       ||     2
  Use: Scroll            |       |       |     7 |    10 |    12 ||    29
       Potion            |       |       |       |     1 |     7 ||     8
 Stab: Sleeping          |     6 |       |     2 |       |     3 ||    11
       Distracted        |       |       |       |     3 |       ||     3
       Petrified         |       |       |       |       |    50 ||    50
       Petrifying        |       |       |       |       |     6 ||     6
Armor: Leather armour    |    24 |       |       |       |       ||    24
       Scale mail        |    17 |    65 |    56 |       |       ||   138
       Acid dragon scale |       |       |       |    89 |   184 ||   273
Dodge: Dodged            |    61 |    65 |   192 |   530 |   931 ||  1779
       Repelled          |       |       |       |       |     5 ||     5
Block: Buckler           |       |       |       |       |    22 ||    22

Table legend: (Time is in decaauts)
 A = Elapsed time spent in this place.
 B = Non-inter-level travel time spent in this place.
 C = Inter-level travel time spent in this place.
 D = Time resting spent in this place.
 E = Time spent auto-exploring this place.
 F = Levels seen in this place.
 G = Mean time per level.
                   A        B        C        D        E       F      G
               +--------+--------+--------+--------+--------+-----+--------+
         Total |  26569 |  24960 |   1609 |   2323 |  14834 |  22 | 1207.7 |
       Dungeon |  16698 |  15485 |   1213 |   1283 |   9602 |  15 | 1113.2 |
          Lair |   7602 |   7324 |    278 |    533 |   4329 |   5 | 1520.4 |
  Orcish Mines |   2267 |   2150 |    117 |    507 |    903 |   2 | 1133.5 |
               +--------+--------+--------+--------+--------+-----+--------+

Top non-repeatable levels by time:
  Lair:5: 2234 daAuts
     D:6: 1819 daAuts
     D:9: 1782 daAuts
  Lair:3: 1703 daAuts
  Lair:1: 1602 daAuts
    D:14: 1556 daAuts
     D:5: 1356 daAuts
   Orc:1: 1320 daAuts
  Lair:4: 1286 daAuts
     D:8: 1245 daAuts
    D:13: 1228 daAuts
     D:3: 1207 daAuts
    D:10: 1181 daAuts
     D:4: 1090 daAuts
    D:11: 948 daAuts
